 Dungeon Crawl Stone Soup version 0.29.1-15-g9cfb28693d (webtiles) character file.

Game seed: 17584895281872334206

4702 HakonIvarson the Grappler (level 10, -5/96 HPs)
             Began as a Troll Chaos Knight on Mar 30, 2023.
             Was a Believer of Ru.
             Slain by an iguana (8 damage)
             ... on level 7 of the Dungeon.
             The game lasted 00:27:28 (5825 turns).

HakonIvarson the Grappler (Troll Chaos Knight)      Turns: 5825, Time: 00:27:30

Health: -5/96      AC:  8    Str: 22    XL:     10   Next: 21%
Magic:  9/9        EV: 11    Int: 10    God:    Ru [**....]
Gold:   337        SH:  0    Dex: 11    Spells: 9/9 levels left

rFire   . . .      SeeInvis +     - Unarmed
rCold   + + .      Faith    .   h - orb {*Rage}
rNeg    . . .      Spirit   .   a - +2 robe
rPois   .          Reflect  .   (helmet restricted)
rElec   .          Harm     .   m - +1 cloak
rCorr   .          Rampage  .   (gloves unavailable)
Will    .....      Rage     20% (boots unavailable)
Stlth   ++........              (no amulet)
HPRegen 1.06/turn               y - ring of protection from cold
MPRegen 0.11/turn               (no ring)

@: lethally poisoned (-5 -> -13), on berserk cooldown, slowed, very slow
A: large, unfitting armour, claws 3, regeneration 1, shaggy fur 1, tough skin 1,
hated by all, hooves 1, see invisible, cold resistance 1, deterioration 1, wild
magic 1, inability to drink after injury 1
a: Renounce Religion


You were on level 7 of the Dungeon.
You worshipped Ru.
Ru was pleased with you.
You visited 2 branches of the dungeon, and saw 8 of its levels.

You collected 337 gold pieces.

Inventory:

Hand Weapons
 r - a +0 giant club of protection
 C - the +8 sling "Concordance" {vorpal, +Blink rF+}
   (You found it on level 2 of the Dungeon)

   Any ammunition fired from it inflicts extra damage upon your enemies.
   rF:        It protects you from fire.
   +Blink:    It lets you blink.
Missiles
 l - 5 boomerangs (quivered)
 n - 2 throwing nets
 z - 4 boomerangs of dispersal
Armour
 a - a +2 robe (worn)
 h - an orb of wrath (worn)
 m - a +1 cloak (worn)
 p - a scarf of harm
Jewellery
 y - a ring of protection from cold (left claw)
Wands
 s - a wand of polymorph (5)
 t - a wand of iceblast (12)
Scrolls
 c - 2 scrolls of vulnerability
 d - a scroll of noise
 e - 2 scrolls of enchant armour
 f - 2 scrolls of fear
 g - a scroll of blinking
 i - 6 scrolls of teleportation
 q - a scroll of amnesia
 v - 3 scrolls of enchant weapon
 x - 2 scrolls of butterflies
 B - 2 scrolls of poison
Potions
 j - a potion of might {unknown}
 k - 3 potions of curing {unknown}
 o - a potion of ambrosia {unknown}
 u - 3 potions of resistance
 w - a potion of mutation {unknown}
 A - a potion of heal wounds {unknown}
 E - a potion of lignification {unknown}
Miscellaneous
 b - a piece from Xom's chessboard (15/15)


   Skills:
 * Level 5.4 Fighting
 * Level 3.4 Ranged Weapons
 * Level 4.1 Throwing
 * Level 4.6 Armour
 * Level 5.3 Dodging
 * Level 3.3 Stealth
 * Level 8.8 Unarmed Combat
 * Level 3.8 Evocations


You had 9 spell levels left.
You didn't know any spells.
Your spell library contained the following spells:

 Spells                   Type           Power      Damage    Failure   Level
 Foxfire                  Conj/Fire      0%         2x1d4     45%         1
 Sandblast                Erth           0%         2d4       45%         1
 Ozocubu's Armour         Ice            0%         N/A       82%         3
 Fulminant Prism          Conj/Hex       0%         3d6       99%         4
 Iskenderun's Mystic Bla  Conj/Tloc      0%         2d3       99%         4
 Lee's Rapid Deconstruct  Erth           0%         3d5*      100%        5
 Metabolic Englaciation   Hex/Ice        0%         N/A       100%        5
 Yara's Violent Unravell  Hex/Tmut       0%         3d3       100%        5
 Ozocubu's Refrigeration  Ice            0%         4d7       100%        7
 Tukima's Dance           Hex            Unusable   N/A       N/A         3

Dungeon Overview and Level Annotations

Branches:
Dungeon (7/15)             Temple (1/1) D:5

Altars:
Ashenzari
Cheibriados
Dithmenos
Elyvilon
Gozag
Kikubaaqudgha
Makhleb
Nemelex Xobeh
Okawaru
Qazlal
Ru
Sif Muna
Trog
Uskayaw
Vehumet
Wu Jian
Xom
Zin
The Shining One

Shops:
D:6 [


Innate Abilities, Weirdness & Mutations

You are too large for most types of armour.
You have claws for hands.
Your natural rate of healing is unusually fast.
You are covered in fur. (AC +1)
You have tough skin. (AC +1)
You are hated by all.
You have large cloven feet.
You have supernaturally acute eyesight. (SInv)
Your flesh is cold resistant. (rC+)
Your body sometimes deteriorates upon taking damage.
Your spells are a little harder to cast, but a little more powerful.
You occasionally lose the ability to drink potions when taking damage.


Message History

The iguana barely misses you. The bullfrog hits you.
You barely miss the iguana. You kick the iguana.
The iguana is almost dead.
The water moccasin bites you.
You are poisoned.
The water moccasin poisons you! The bullfrog closely misses you.
The iguana barely misses you. The water moccasin closely misses you.
You barely miss the iguana.
The iguana is almost dead.
You feel very sick. The bullfrog hits you.
You focus your inner power and illuminate the bullfrog in retribution!
The killer bee completely misses you. The water moccasin bites you!
* * * LOW HITPOINT WARNING * * *
You are more poisoned.
The water moccasin poisons you!
The iguana bites you but does no damage.
The bullfrog hits you.
* * * LOW HITPOINT WARNING * * *
The killer bee closely misses you.
The water moccasin bites you but does no damage.
Unknown command.
It was a potion of experience.
You feel more experienced!
Your Fighting skill increases to level 5!
Your Ranged Weapons skill increases to level 3!
Your Throwing skill gained 2 levels and is now at level 4!
Your Armour skill gained 2 levels and is now at level 4!
Your Dodging skill increases to level 5!
Your Stealth skill increases to level 3!
Your Unarmed Combat skill increases to level 8!
Your Evocations skill increases to level 3!
You have reached level 10!
* * * LOW HITPOINT WARNING * * *
You feel extremely sick.
The bullfrog stops glowing.
The killer bee stings you!
* * * LOW HITPOINT WARNING * * *
The bullfrog barely misses you. The killer bee closely misses you.
The iguana bites you!
You die...

#...# ##..#
#..####..#
#.†##...#
#5.##.### #.#..#.#
#.#Y..># FS#K...#
5Y##SF..#
.####l@y..#####
#..............#
##..#......###....
##....##....# #..
#.....#..#.#.# #
#............#
.....#......#.###
.....####.....#
..........#.#####


You could see a water moccasin, a sky beast (invisible), a kobold brigand, a
bullfrog, an iguana, a killer bee and a white imp.

Vanquished Creatures
  A warg (D:3)
  2 water moccasins
  A sky beast (D:6)
  4 black bears
  An orc warrior (D:6)
  3 ice beasts
  3 ogres
  A phantom (D:5)
  2 bullfrogs
  A necrophage (D:7)
  3 scorpions
  A wight (D:6)
  3 hounds
  A jelly (D:6)
  4 iguanas
  2 orc wizards
  7 gnolls
  8 adders
  A white imp (D:6)
  An ufetubus (D:5)
  A dart slug (D:2)
  12 orcs
  12 endoplasms
  3 giant cockroaches
  A goblin (D:1)
  5 hobgoblins
  3 jackals (D:2)
  A kobold (D:4)
  4 quokkas
  4 ball pythons
  2 bats
  2 frilled lizards (D:2)
  6 rats
106 creatures vanquished.

Vanquished Creatures (collateral kills)
  2 orcs (D:5)
2 creatures vanquished.

Vanquished Creatures (others)
  A plant (D:4)
1 creature vanquished.

Grand Total: 109 creatures vanquished

Notes
Turn   | Place    | Note
-------+----------+-------------------------------------------
     0 | D:1      | HakonIvarson the Troll Chaos Knight began the quest for the
                  | Orb.
     0 | D:1      | Reached XP level 1. HP: 22/22 MP: 0/0
   112 | D:1      | XOM: silly message
   145 | D:1      | Reached XP level 2. HP: 29/29 MP: 1/1
   402 | D:3      | Reached XP level 3. HP: 36/36 MP: 2/2
   456 | D:4      | XOM: silly message
   509 | D:4      | Noticed a black bear
   524 | D:4      | Reached XP level 4. HP: 35/44 MP: 3/3
   526 | D:4      | Found an ancient bone altar of Kikubaaqudgha.
   560 | D:4      | Killed a black bear
   561 | D:4      | Reached skill level 1 in Armour
   561 | D:4      | Reached skill level 4 in Unarmed Combat
   561 | D:4      | Reached XP level 5. HP: 35/53 MP: 4/4
   576 | D:4      | You fall into a shaft and drop 3 floors!
   579 | D:7      | Noticed a black bear
   597 | D:6      | Found Litwo Piogu's Antique Armour Shoppe.
   598 | D:6      | Noticed a sky beast
   598 | D:6      | Noticed an ice beast
   622 | D:6      | Killed a sky beast
   623 | D:6      | Reached skill level 1 in Evocations
   637 | D:6      | XOM: cloud trail
   687 | D:6      | Reached XP level 6. HP: 58/61 MP: 5/5
   718 | D:6      | XOM: divination: detect creatures
   727 | D:5      | Entered Level 5 of the Dungeon
   769 | D:5      | XOM: potion effect (brilliance)
   772 | D:5      | XOM: cast spell 'Summon Mana Viper'
   775 | D:5      | Reached skill level 5 in Unarmed Combat
   799 | D:5      | Reached skill level 1 in Stealth
   849 | D:5      | Noticed an ice beast
   859 | D:5      | Killed an ice beast
   892 | D:5      | Reached XP level 7. HP: 67/67 MP: 6/6
   912 | D:5      | Found a staircase to the Ecumenical Temple.
   947 | Temple   | Entered the Ecumenical Temple
   977 | Temple   | XOM: 3-stop teleportation journey
  1005 | Temple   | Fell from the grace of Xom
  1005 | Temple   | Became a worshipper of Ru the Awakened
  1106 | D:5      | Reached skill level 6 in Unarmed Combat
  1568 | D:4      | Found a snail-covered altar of Cheibriados.
  1596 | D:4      | Found a shadowy altar of Dithmenos.
  2364 | D:3      | XOM: polymorph worm -> warg
  2375 | D:3      | Reached XP level 8. HP: 51/78 MP: 7/7
  2381 | D:3      | XOM: torment (30/78 hp)
  2500 | D:3      | Gained mutation: You are hated by all. [Ru sacrifice]
  2500 | D:3      | Reached * piety under Ru
  2500 | D:3      | Reached ** piety under Ru
  2607 | D:3      | XOM: give mutations
  2607 | D:3      | Gained mutation: You have hidden genetic potential. [Xom's
                  | mischief]
  2607 | D:3      | Gained mutation: Your spells are a little harder to cast,
                  | but a little more powerful. [Xom's mischief]
  2607 | D:3      | Gained mutation: You have sharp toenails. [Xom's mischief]
  3566 | D:2      | XOM: give mutations
  3566 | D:2      | Gained mutation: You have supernaturally acute eyesight.
                  | (SInv) [Xom's grace]
  3566 | D:2      | Gained mutation: Your flesh is cold resistant. (rC+) [Xom's
                  | grace]
  3566 | D:2      | Gained mutation: You are partially covered in iridescent
                  | scales. (AC +2) [Xom's grace]
  3566 | D:2      | Lost mutation: You have sharp toenails. [Xom's grace]
  3566 | D:2      | Gained mutation: You have large cloven feet. [Xom's grace]
  3591 | D:2      | Identified the +8 sling "Concordance" {vorpal, +Blink rF+}
  3885 | D:1      | XOM: give mutations
  3885 | D:1      | Gained mutation: You occasionally lose the ability to drink
                  | potions when taking damage. [Xom's mischief]
  3885 | D:1      | Lost mutation: You are partially covered in iridescent
                  | scales. (AC +2) [Xom's mischief]
  4163 | D:1      | You fall into a shaft and drop 1 floor!
  4376 | D:4      | XOM: draining
  4421 | D:6      | Reached skill level 1 in Throwing
  4421 | D:6      | Reached skill level 7 in Unarmed Combat
  4973 | D:6      | Reached skill level 1 in Ranged Weapons
  5081 | D:6      | Found a bloodstained altar of Trog.
  5124 | D:6      | Found a shimmering blue altar of Sif Muna.
  5140 | D:6      | Got Sif Muna's Handbook of the Grounded Arsonist
  5235 | D:6      | XOM: give mutations
  5235 | D:6      | Gained mutation: Your body sometimes deteriorates upon
                  | taking damage. [Xom's mischief]
  5235 | D:6      | Lost mutation: You have hidden genetic potential. [Xom's
                  | mischief]
  5249 | D:6      | Got Ozetin's Omnibus of Hexing
  5262 | D:6      | Found a large runed translucent door.
  5263 | D:6      | Found a large runed translucent door.
  5286 | D:6      | Found a shimmering altar of Xom.
  5364 | D:6      | XOM: noise
  5616 | D:7      | Reached XP level 9. HP: 84/84 MP: 8/8
  5825 | D:7      | Reached skill level 5 in Fighting
  5825 | D:7      | Reached skill level 5 in Dodging
  5825 | D:7      | Reached skill level 8 in Unarmed Combat
  5825 | D:7      | Reached XP level 10. HP: 16/96 MP: 9/9
  5825 | D:7      | HP: 3/96 [killer bee (7)]
  5825 | D:7      | Slain by an iguana

Illustrated notes

Levels and vault maps discovered:
D:1:      mrwooster_arrival_arrow, layout_rooms, chequers_avenue
D:2:      layout_loops_ring, grunt_decor_clamped, palyth_stone_intersect,
          roderic_serpentine_path, minmay_split_cup_small
D:3:      layout_loops_ring
D:4:      layout_cave_pools, marbit_many_paths, grunt_temple_overflow_open,
          serial_bayou_pond_c, hangedman_decor_peaks_small
D:5:      layout_loops_ring, minmay_temple_entry_waves
D:6:      layout_loops_corners, jmf_multi_god_temple2,
          nzn_overflow_gifts_of_might_and_magic, serial_shops,
          nicolae_stop_n_shop_1
D:7:      minmay_recursive_quarters, layout_basic, minmay_alternating_orb,
          uniq_pikel
Temple:   hellmonk_temple_of_storms

Skill      XL: |  1  2  3  4  5  6  7  8  9 |
---------------+----------------------------+-----
Dodging        | 2 3 4 5 |  5.3
Fighting       | 3 4 5 |  5.4
Armour         | 1 2 4 |  4.6
Unarmed Combat | 4 5 6 7 8 |  8.8
Evocations     | 1 2 3 |  3.8
Stealth        | 1 3 |  3.3
Throwing       | 2 4 |  4.1
Ranged Weapons | 1 3 |  3.4

Action                   |  1- 3 |  4- 6 |  7- 9 | 10-12 || total
-------------------------+-------+-------+-------+-------++-------
Melee: Unarmed           |    46 |    36 |   187 |       ||   269
       Kick              |       |       |    22 |       ||    22
 Fire: Sling             |       |       |    31 |       ||    31
Throw: Boomerang         |       |       |    17 |       ||    17
Invok: Sacrifice Love    |       |       |     1 |       ||     1
 Abil: Evoke Blink       |       |       |     1 |       ||     1
Evoke: Piece from Xom's  |       |     2 |     1 |       ||     3
       Wand              |       |       |     2 |       ||     2
  Use: Scroll            |     3 |     1 |    14 |       ||    18
       Potion            |       |       |     1 |       ||     1
 Stab: Paralysed         |       |     1 |       |       ||     1
Armor: Robe              |    19 |    21 |    64 |       ||   104
Dodge: Dodged            |    23 |    30 |    95 |     2 ||   150
